 Dungeon Crawl Stone Soup version 0.19.0-19-g8c6edcc (webtiles) character file.

13853 Mysteryquy the Cleaver (level 11, -5/99 HPs)
             Began as a Minotaur Fighter on Nov 12, 2016.
             Was an Elder of Uskayaw.
             Slain by a 13-headed hydra (7 damage)
             ... on level 3 of the Lair of Beasts.
             The game lasted 00:23:57 (13024 turns).

Mysteryquy the Cleaver (Minotaur Fighter)          Turns: 13024, Time: 00:23:58

Health: -5/99      AC: 23    Str: 24    XL:     11   Next: 81%
Magic:  10/10      EV:  7    Int:  5    God:    Uskayaw [****..]
Gold:   563        SH: 12    Dex: 10    Spells: 0 memorised, 10 levels left

rFire  . . .     SeeInvis .     z - +1 war axe (venom)
rCold  + . .     Gourm    +     H - +0 plate armour
rNeg   . . .     Faith    .     c - +0 shield
rPois  .         Spirit   .     o - +2 hat
rElec  .         Reflect  .     w - +2 cloak
rCorr  .         Harm     .     p - +2 pair of gloves
MR     +....                    (no boots)
Stlth  ..........               s - amulet of the gourmand
                                E - ring of protection from cold
                                M - ring of protection from magic

@: about to teleport
A: retaliatory headbutt, horns 2
a: Stomp, Line Pass, Renounce Religion


You were on level 3 of the Lair of Beasts.
You worshipped Uskayaw.
Uskayaw was noncommittal.
You were not hungry.

You visited 3 branches of the dungeon, and saw 14 of its levels.

You collected 563 gold pieces.

Inventory:

Hand Weapons
 a - a +1 war axe
 z - a +1 war axe of venom (weapon)
Armour
 c - a +0 shield (worn)
 o - a +2 hat (worn)
 p - a +2 pair of gloves (worn)
 w - a +2 cloak (worn)
 H - a +0 plate armour (worn)
 N - +0 shadow dragon scales
Jewellery
 h - an uncursed ring of protection from fire
 s - an amulet of the gourmand (around neck)
 E - a ring of protection from cold (right hand)
 M - a ring of protection from magic (left hand)
 O - an uncursed amulet of guardian spirit {unknown}
 P - an uncursed ring of protection from magic
Wands
 y - a wand of paralysis (8/24)
 B - a wand of disintegration (9/24)
 F - a wand of flame (16/48)
 J - a wand of acid (6/15)
 K - a wand of lightning (11/15)
 L - a wand of paralysis (15/24)
 R - a wand of slowing (18/48)
Scrolls
 d - 5 scrolls of enchant weapon
 e - a scroll of immolation {unknown}
 i - 6 scrolls of identify
 m - 2 scrolls of teleportation
 D - a scroll of fear
 I - a scroll of noise
 Q - a scroll of amnesia {unknown}
Potions
 g - a potion of resistance {unknown}
 j - 5 potions of curing {unknown}
 l - 2 potions of cancellation {unknown}
 n - 2 potions of brilliance {unknown}
 t - a potion of agility {unknown}
 u - 2 potions of invisibility {unknown}
 v - a potion of lignification {unknown}
 x - a potion of berserk rage {unknown}
 G - a potion of degeneration {unknown}
 S - a potion of ambrosia {unknown}
Books
 A - a book of Necromancy

   Spells                             Type                      Level
   a - Pain                           Necromancy                   1
   b - Animate Skeleton               Necromancy                   1
   c - Vampiric Draining              Necromancy                   3
   d - Regeneration                   Charms/Necromancy            3
   e - Animate Dead                   Necromancy                   4
   f - Control Undead                 Necromancy                   4
 C - a book of Party Tricks

   Spells                             Type                      Level
   a - Summon Butterflies             Summoning                    1
   b - Apportation                    Translocation                1
   c - Lesser Beckoning               Translocation                3
   d - Tukima's Dance                 Hexes                        3
   e - Alistair's Intoxication        Transmutation/Poison         5
   f - Invisibility                   Hexes                        6
Comestibles
 b - 2 fruits
 f - 7 bread rations
 k - 15 royal jellies
 q - 10 meat rations
 r - 7 slices of pizza


   Skills:
 + Level 9.7 Fighting
 + Level 14.7 Axes
 + Level 10.4 Armour
 - Level 1.6 Dodging
 - Level 0.3 Stealth
 + Level 11.0 Shields


You had 10 spell levels left.
You didn't know any spells.

Dungeon Overview and Level Annotations

Branches:
Dungeon (10/15)            Temple (1/1) D:4            Lair (3/6) D:10
    Orc (0/2) D:9
  Swamp: Lair:2-4    Shoals: Lair:2-4     Snake: Lair:2-4    Spider: Lair:2-4

Altars:
Ashenzari
Cheibriados
Dithmenos
Elyvilon
Fedhas
Gozag
Hepliaklqana
Kikubaaqudgha
Makhleb
Nemelex Xobeh
Okawaru
Qazlal
Ru
Sif Muna
Trog
Uskayaw
Vehumet
Xom
Yredelemnul
Zin
The Shining One
Beogh


Innate Abilities, Weirdness & Mutations

You reflexively headbutt those who attack you in melee.
You have a pair of horns on your head.


Message History

You are too injured to fight recklessly!
Unknown command.
You are too injured to fight recklessly!
Unknown command.
You are too injured to fight recklessly!
Unknown command.
As you read the scroll of teleportation, it crumbles to dust.
You feel strangely unstable. You block the 13-headed hydra's attack.
The 13-headed hydra bites you.
* * * LOW HITPOINT WARNING * * *
You block the 13-headed hydra's attack.
The 13-headed hydra bites you but does no damage.
The 13-headed hydra bites you!
* * * LOW HITPOINT WARNING * * *
The 13-headed hydra bites you!
* * * LOW HITPOINT WARNING * * *
You block the 13-headed hydra's attack.
The 13-headed hydra bites you but does no damage. x2
The 13-headed hydra bites you!
You die...

... # ...# #.#. # ...
#...# # #.. #..... ###
#.## #...... ..### #..#
#....... ....#
##..##........ ...##
####...#.#.......
...#####.P......@D......
............###.#.......
...P####.....###..#.....
P#### #....## #.......
P# ##....# #.P.... ##
.....# #..... ####...#
##. . ##... ## ....


You could see a 13-headed hydra.

Vanquished Creatures
  Nergalle (Lair:1)
  2 hill giants (D:10)
  Pikel (D:5)
  The ghost of MirrMurr the Ruffian, a novice TrHu of Cheibriados (D:5)
  Joseph (D:7)
  The ghost of newuser the Poker, a novice DgGl (D:6)
  5 spiny frogs
  A komodo dragon (Lair:3)
  A queen bee (Lair:2)
  2 hippogriffs
  A shadow (D:10)
  9 yaks (Lair:1)
  Eustachio (D:5)
  2 basilisks (Lair:2)
  2 wyverns (Lair:2)
  Grum (D:8)
  2 hungry ghosts
  3 wargs
  2 sky beasts
  7 orc warriors
  A slave (D:5)
  An eye of draining (D:8)
  A phantom (D:7)
  2 ice beasts
  A necrophage (D:5)
  2 wolves (D:8)
  3 centaurs
  4 ogres
  2 big kobolds
  7 bullfrogs
  A gnoll sergeant (D:9)
  2 scorpions
  33 killer bees
  5 wights (D:8)
  2 howler monkeys
  4 crimson imps
  A centaur zombie (D:9)
  A jelly (D:7)
  A quasit (D:8)
  5 orc wizards
  5 orc priests
  A bullfrog skeleton (D:9)
  3 hounds
  3 centaur skeletons
  2 hell rats (D:6)
  Natasha (D:4)
  9 worker ants
  A hound zombie (D:9)
  A worker ant zombie (D:9)
  Robin (D:4)
  9 gnolls
  3 river rats (D:6)
  12 adders
  4 shadow imps
  6 adder skeletons
  2 worms
  5 leopard geckos
  49 orcs
  A ball python (D:3)
  7 giant cockroaches
  12 hobgoblins
  7 jackals
  2 quokkas
  A ball python zombie (D:5)
  10 bats
  6 frilled lizards
  17 goblins
  A jackal skeleton (D:4)
  16 kobolds
  A leopard gecko skeleton (D:4)
  A leopard gecko zombie (D:7)
  A quokka zombie (D:8)
  46 rats
  2 fungi
  A plant (Lair:2)
374 creatures vanquished.

Vanquished Creatures (others)
  2 slaves (D:5)
  2 orcs (D:9)
  2 fungi
  A plant (Lair:2)
  5 toadstools (D:1)
12 creatures vanquished.

Grand Total: 386 creatures vanquished

Notes
Turn   | Place    | Note
-------+----------+-------------------------------------------
     0 | D:1      | Mysteryquy the Minotaur Fighter began the quest for the Orb.
     0 | D:1      | Reached XP level 1. HP: 19/19 MP: 0/0
    39 | D:1      | Reached XP level 2. HP: 27/27 MP: 1/1
   357 | D:1      | Reached skill level 3 in Axes
   909 | D:2      | Reached XP level 3. HP: 33/33 MP: 2/2
   912 | D:2      | You fall through a shaft!
   976 | D:2      | Reached skill level 4 in Axes
  1211 | D:2      | Reached XP level 4. HP: 39/40 MP: 3/3
  1726 | D:3      | Noticed a bullfrog
  1731 | D:3      | Killed a bullfrog
  1731 | D:3      | Reached XP level 5. HP: 45/47 MP: 4/4
  1752 | D:3      | Reached skill level 5 in Axes
  1794 | D:3      | Noticed an ice beast
  1803 | D:3      | Killed an ice beast
  1803 | D:3      | Reached skill level 1 in Dodging
  1803 | D:3      | Reached XP level 6. HP: 30/55 MP: 5/5
  2291 | D:3      | Reached skill level 6 in Axes
  2397 | D:3      | Found a shimmering altar of Xom.
  2551 | D:4      | Reached skill level 5 in Fighting
  2568 | D:4      | Reached skill level 5 in Shields
  2749 | D:4      | Found a staircase to the Ecumenical Temple.
  2783 | D:4      | Noticed Natasha
  2795 | D:4      | Killed Natasha
  2795 | D:4      | Reached XP level 7. HP: 55/61 MP: 6/6
  2806 | Temple   | Entered the Ecumenical Temple
  2857 | Temple   | Became a worshipper of Uskayaw the Reveler
  2877 | D:4      | Noticed Robin
  2881 | D:4      | Reached * piety under Uskayaw
  2884 | D:4      | Reached ** piety under Uskayaw
  2885 | D:4      | Killed Robin
  3389 | D:5      | Entered Level 5 of the Dungeon
  3444 | D:5      | Reached skill level 7 in Axes
  3444 | D:5      | Reached skill level 5 in Armour
  3681 | D:5      | Noticed Pikel
  3690 | D:5      | Killed Pikel
  3690 | D:5      | Reached skill level 8 in Axes
  3690 | D:5      | Reached XP level 8. HP: 54/70 MP: 7/7
  3810 | D:5      | Noticed Eustachio
  3841 | D:5      | Killed Eustachio
  3947 | D:5      | Found a sacrificial altar of Ru.
  3985 | D:5      | Noticed MirrMurr's ghost (novice TrHu)
  3995 | D:5      | Reached *** piety under Uskayaw
  3996 | D:5      | Killed MirrMurr's ghost
  3996 | D:5      | Reached skill level 9 in Axes
  5014 | D:6      | Noticed newuser's ghost (novice DgGl)
  5024 | D:6      | Killed newuser's ghost
  5024 | D:6      | Reached skill level 10 in Axes
  5024 | D:6      | Reached XP level 9. HP: 68/78 MP: 8/8
  5352 | D:6      | Reached **** piety under Uskayaw
  5360 | D:6      | Reached ***** piety under Uskayaw
  6150 | D:7      | Noticed Joseph
  6176 | D:7      | Killed Joseph
  6176 | D:7      | Reached skill level 11 in Axes
  6731 | D:8      | Reached XP level 10. HP: 78/86 MP: 9/9
  7008 | D:8      | Noticed Grum
  7021 | D:8      | Reached skill level 12 in Axes
  7025 | D:8      | Killed Grum
  8311 | D:9      | Found a staircase to the Orcish Mines.
  8470 | D:9      | Found a roughly hewn altar of Beogh.
  8853 | D:9      | Noticed a red ugly thing
  8884 | D:8      | HP: 4/88 [red ugly thing (18)]
  9411 | D:10     | Entered Level 10 of the Dungeon
  9740 | D:10     | Found a staircase to the Lair.
  9740 | D:10     | Noticed a hill giant
  9787 | D:10     | Killed a hill giant
  9787 | D:10     | Reached skill level 13 in Axes
 10230 | D:10     | Reached XP level 11. HP: 78/95 MP: 10/10
 10261 | D:10     | Noticed a hill giant
 10268 | D:10     | Killed a hill giant
 10268 | D:10     | Reached skill level 10 in Shields
 10388 | Lair:1   | Entered Level 1 of the Lair of Beasts
 10836 | Lair:1   | Noticed Nergalle
 10851 | Lair:1   | Killed Nergalle
 10996 | Lair:1   | Reached skill level 14 in Axes
 11742 | Lair:2   | Reached skill level 10 in Armour
 13012 | Lair:3   | Noticed a six-headed hydra
 13024 | Lair:3   | HP: 2/99 [13-headed hydra (9)]
 13024 | Lair:3   | Slain by a 13-headed hydra

Skill      XL: |  1  2  3  4  5  6  7  8  9 10 11 |
---------------+----------------------------------+-----
Fighting       | 4 5 6 7 8 9 |  9.7
Axes           | 3 4 5 6 8 10 11 13 14 | 14.7
Armour         | 4 5 7 8 9 10 | 10.4
Shields        | 4 5 6 7 8 9 11 | 11.0
Dodging        | 1 |  1.6
Stealth        | |  0.3

Action                   |  1- 3 |  4- 6 |  7- 9 | 10-12 || total
-------------------------+-------+-------+-------+-------++-------
Melee: War axe           |    82 |   133 |   332 |   503 ||  1050
       Headbutt          |     3 |    25 |    64 |    99 ||   191
Invok: Stomp             |       |       |     2 |     4 ||     6
       Line Pass         |       |       |     1 |     4 ||     5
  Use: Potion            |       |       |     1 |       ||     1
       Scroll            |       |       |       |    14 ||    14
 Stab: Paralysed         |       |       |     9 |    28 ||    37
  Eat: Chunk             |     1 |     5 |    18 |    20 ||    44
       Bread ration      |       |       |       |     1 ||     1
Armor: Scale mail        |    39 |    59 |    86 |    70 ||   254
       Plate armour      |       |       |       |   160 ||   160
Dodge: Dodged            |    26 |    29 |    85 |   144 ||   284
Block: Shield            |    36 |    69 |   126 |   317 ||   548
